 Dungeon Sprint DCSS version 0.31-a0-37-g98a128e1d9 (webtiles) character file.

Game seed: 5461859039121573829

2 sircluck the Ruffian (level 1, -4/22 HPs)
             Began as a Troll Berserker on May 15, 2023.
             Was a Follower of Trog.
             Slain by a cane toad (12 damage)
             ... in the Dungeon (Sprint VII: "The Pits").
             The game lasted 00:00:16 (23 turns).

sircluck the Ruffian (Troll Berserker)                Turns: 23, Time: 00:00:17

Health: -4/22      AC:  4    Str: 24    XL:     1   Next: 25%
Magic:  0/0        EV: 10    Int:  3    God:    Trog [*.....]
Gold:   0          SH:  0    Dex:  9    Spells: 0/0 levels left

rFire   . .          .
                       - Unarmed
rCold   . . .        (no shield)
rNeg    . . .        a - +0 animal skin
rPois   .            (helmet restricted)
rElec   .            (no cloak)
rCorr   .            (gloves unavailable)
SInv    .            (boots unavailable)
Will    .....        (no amulet)
Stlth   +            (no ring)
HPRegen 1.03/turn    (no ring)
MPRegen 0.07/turn

%: no teleportation
@: on berserk cooldown, slowed, very slow
A: large, unfitting armour, claws 3, regeneration 1, shaggy fur 1, tough skin 1
a: Renounce Religion, Berserk


You were in the Dungeon.
You worshipped Trog.
Trog was aware of your devotion.
You visited 1 branch

Inventory:

Armour
 a - a +0 animal skin (worn)
Scrolls
 g - a scroll of blinking
Potions
 b - a potion of curing
 c - a potion of heal wounds
 d - a potion of haste
 e - 2 potions of magic
 f - a potion of berserk rage


   Skills:
 + Level 2.9 Fighting
 + Level 2.6 Dodging
 + Level 3.2 Unarmed Combat


You couldn't memorise any spells.
You didn't know any spells.
Your spell library was empty.

Dungeon Overview and Level Annotations

Branches:
Dungeon (1/1)

Altars:


Innate Abilities, Weirdness & Mutations

You are too large for most types of armour.
You have claws for hands.
Your natural rate of healing is unusually fast.
You are covered in fur. (AC +1)
You have tough skin. (AC +1)


Message History

You hear a shout!
You hear a loud, deep croak!
You close the huge gate.
A red film seems to cover your vision as you go berserk!
You feel yourself moving faster!
You feel mighty!
An orc wizard breaks down the huge gate.
A cane toad comes into view.
Okay, then.
Unknown command.
You feel a strong urge to attack something.
You feel your anger nearly subside.
The orc wizard points at you and mumbles some strange words.
You are confused.
There is a huge broken gate to the Metal Vault (Medium) here.
You barely miss the orc wizard.
The orc wizard points at you and mumbles some strange words.
The puff of flame misses you.
You feel a strong urge to attack something.
You are no longer berserk.
You are exhausted.
You feel yourself slow down.
Unknown command.
You scratch the orc.
The orc is heavily wounded.
The orc hits you with a +0 flail.
You claw the orc!
You kill the orc!
Trog accepts your kill. The orc wizard closely misses you.
The cane toad barely misses you.
The orc wizard attacks as you move away!
The orc wizard closely misses you. The orc wizard casts a spell at you.
The puff of flame hits you.
You scratch the cane toad.
The cane toad is lightly wounded.
You feel less confused. The cane toad stings you!
The orc wizard hits you with a +0 dagger.
The cane toad stings you!
Ouch! That really hurt!
You die...

##########++######
#................#
#......#..#......#
#................+
+.......@........+
#......#Fo#......#
#........KK......#
####'#####''######
#.......##''#
#.......##..#
#.......##..#
#...<...##..#
#.......##..#


You could see a cane toad, a kobold brigand, an orc wizard and a kobold.

Vanquished Creatures
  An orc (D)
1 creature vanquished.

Notes
Turn   | Place    | Note
-------+----------+-------------------------------------------
     0 | D        | sircluck the Troll Berserker began the quest for the Orb.
     0 | D        | Reached XP level 1. HP: 22/22 MP: 0/0
    11 | D        | Noticed an orc wizard
    11 | D        | Noticed a kobold brigand
    11 | D        | Noticed an orc warrior
    14 | D        | Noticed a cane toad
    23 | D        | Slain by a cane toad

Illustrated notes

Levels and vault maps discovered:
D:        pitsprint [storerooms_1, entrance_room_1, metal_vault_3, armoury_2,
          mini_pit_1, grid_room_1, main_hall_1, silver_pit, the_coven_1,
          the_vestibule_1, steel_vault_1, golden_pit, hallway_of_sentries,
          crystal_vault_2, iron_vault_4, final_vault]

Action                     || total
---------------------------++-------
  Melee: Unarmed           ||     4
 Invoke: Berserk           ||     1
  Dodge: Dodged            ||     4

Table legend: (Time is in decaauts)
 A = Elapsed time spent in this place.
 B = Non-inter-level travel time spent in this place.
 C = Inter-level travel time spent in this place.
 D = Time resting spent in this place.
 E = Time spent auto-exploring this place.
 F = Levels seen in this place.
 G = Mean time per level.
                   A        B        C        D        E       F      G
               +--------+--------+--------+--------+--------+-----+--------+
         Total |     22 |     22 |      0 |      0 |     11 |   1 |   22.0 |
       Dungeon |     22 |     22 |      0 |      0 |     11 |   1 |   22.0 |
               +--------+--------+--------+--------+--------+-----+--------+

Top non-repeatable levels by time:
       D: 22 daAuts
